 Dungeon Crawl Stone Soup version 0.29.1-12-g30fa7ad0bf (webtiles) character file.

Game seed: 1863947681240659415

2570 EarthwalkerPL the Protected (level 9, -6/82 HPs)
             Began as a Minotaur Fighter on Jan 7, 2023.
             Was an Initiate of Okawaru.
             Killed from afar by an acid dragon (29 damage)
             ... with a splash of acid
             ... on level 8 of the Dungeon.
             The game lasted 00:08:40 (6699 turns).

EarthwalkerPL the Protected (Minotaur Fighter)      Turns: 6699, Time: 00:08:40

Health: -6/82      AC:  8    Str: 23    XL:     9   Next: 32%
Magic:  8/8        EV:  6    Int:  5    God:    Okawaru [......]
Gold:   373        SH:  5    Dex: 12    Spells: 8/8 levels left

rFire   + . .      SeeInvis .   a - +0 war axe
rCold   . . .      Faith    .   c - +0 buckler
rNeg    . . .      Spirit   .   B - +0 plate armour
rPois   .          Reflect  .   (helmet restricted)
rElec   .          Harm     .   n - +0 cloak
rCorr   .          Rampage  .   (no gloves)
Will    .....                   t - +0 pair of boots
Stlth   ..........              (no amulet)
HPRegen 0.23/turn               u - ring of flight
MPRegen 0.11/turn               x - ring of protection from fire

@: corroded, flying
A: horns 2, retaliatory headbutt
a: Renounce Religion


You were on level 8 of the Dungeon.
You worshipped Okawaru.
Okawaru was noncommittal.
You visited 2 branches of the dungeon, and saw 9 of its levels.

You collected 373 gold pieces.

Inventory:

Hand Weapons
 a - a +0 war axe (weapon)
Missiles
 s - 17 poisoned darts (quivered)
 I - 2 boomerangs
Armour
 b - a +0 scale mail
 c - a +0 buckler (worn)
 n - a +0 cloak (worn)
 o - the +3 leather armour of Inference {rF+ Stlth+}
   (You found it on level 2 of the Dungeon)

   rF:        It protects you from fire.
   Stlth:     It makes you more stealthy.
 t - a +0 pair of boots (worn)
 B - a +0 plate armour (worn)
Jewellery
 h - a ring of ice
 u - a ring of flight (left hand)
 v - a ring of magical power
 x - a ring of protection from fire (right hand)
Wands
 q - a wand of paralysis (2)
 D - a wand of quicksilver (10)
Scrolls
 g - a scroll of blinking {unknown}
 j - 10 scrolls of identify {unknown}
 k - 3 scrolls of fog {unknown}
 l - 3 scrolls of enchant armour {unknown}
 m - 3 scrolls of brand weapon {unknown}
 y - a scroll of noise {unknown}
 A - a scroll of magic mapping {unknown}
 C - 4 scrolls of teleportation {unknown}
 G - a scroll of summoning {unknown}
 H - a scroll of acquirement {unknown}
 J - a scroll of immolation {unknown}
Potions
 d - 2 potions of might
 e - 5 potions of heal wounds
 f - 2 potions of mutation {unknown}
 i - 4 potions of curing {unknown}
 p - 2 potions of attraction {unknown}
 r - 3 potions of lignification {unknown}
 w - a potion of haste {unknown}
 z - a potion of degeneration {unknown}
 E - 3 potions of flight {unknown}
 F - a potion of cancellation {unknown}
 K - a potion of magic {unknown}


   Skills:
 * Level 8.8 Fighting
 * Level 8.5 Axes
 * Level 9.0 Armour
 + Level 6.9 Shields


You had 8 spell levels left.
You didn't know any spells.
Your spell library contained the following spells:

 Spells                   Type           Power      Damage    Failure   Level
 Portal Projectile        Hex/Tloc       0%         N/A       100%        3
 Corpse Rot               Necr/Pois/Air  0%         N/A       100%        4
 Dispel Undead            Necr           0%         3d6       100%        4
 Leda's Liquefaction      Hex/Erth       0%         N/A       100%        4
 Call Canine Familiar     Summ           Unusable   N/A       N/A         3
 Death Channel            Necr           Unusable   N/A       N/A         6

Dungeon Overview and Level Annotations

Branches:
Dungeon (8/15)             Temple (1/1) D:6
   Lair: D:8-11

Altars:
Ashenzari
Cheibriados
Fedhas
Gozag
Hepliaklqana
Kikubaaqudgha
Makhleb
Okawaru
Qazlal
Ru
Sif Muna
Trog
Uskayaw
Vehumet
Wu Jian
Xom
Zin
The Shining One
Jiyva

Shops:
D:4 [

Annotations:
D:3 2 transporters, jaiteiro's ghost, amateur SpAM
D:7 1 runed translucent door, Oxelix's ghost, novice MiBe
D:8 3 runed translucent doors, MacCMillion's ghost, novice OpTm


Innate Abilities, Weirdness & Mutations

You have a pair of horns on your head.
You reflexively headbutt those who attack you in melee.


Message History

You closely miss the acid dragon.
The acid dragon is lightly wounded.
The acid dragon bites you but does no damage.
The acid dragon claws you but does no damage.
You slash the acid dragon! Your headbutt misses the acid dragon.
The acid dragon is heavily wounded.
The acid dragon bites you.
The acid dragon claws you but does no damage.
You barely miss the acid dragon.
The acid dragon is heavily wounded.
A centaur comes into view.
The acid dragon barely misses you. The acid dragon claws you.
You closely miss the acid dragon.
The acid dragon is heavily wounded.
The acid dragon bites you!
* * * LOW HITPOINT WARNING * * *
The acid dragon claws you but does no damage.
The centaur wields a +0 shortbow.
The centaur shoots an arrow.
The arrow hits you.
* * * LOW HITPOINT WARNING * * *
The acid dragon bites you.
* * * LOW HITPOINT WARNING * * *
The acid dragon claws you but does no damage.
Okay, then.
It was a potion of heal wounds.
You feel much better.
The centaur shoots an arrow.
The arrow hits you. The acid dragon bites you.
The acid dragon claws you but does no damage.
The centaur shoots an arrow.
The arrow hits you.
The centaur shoots an arrow.
The arrow hits you!
* * * LOW HITPOINT WARNING * * *
The acid dragon attacks as you move away!
The acid dragon bites you but does no damage.
You block the acid dragon's attack.
The centaur shoots an arrow.
The arrow barely misses you. The acid dragon spits acid at you.
You block the splash of acid.
The slime creature quivers.
The acid dragon spits acid at you. The splash of acid hits you!!
You die...

#.....#.......#
#.....#.......#
#.....#.../.J.#
#.....##.JJWJ#
#######......##+++##
...................# #
...................# .#
..................#####.#
........#.......@..Dc...#
........#############.#.#
........# #...# ........#
#.#.# ........# #.#...
........# #.# #..
........# #.# .#..
........# ... # .
.......<### ...


You could see 2 slime creatures, an acid dragon (catching breath), a centaur
(reflecting), 2 jellies and MacCMillion's ghost.

Vanquished Creatures
  Joseph (D:7)
  A wyvern (D:7)
  A steam dragon (D:7)
  A black bear (D:5)
  An ice beast (D:5)
  2 ogres
  A centaur (D:7)
  A kobold brigand (D:7)
  2 bullfrogs (D:7)
  4 scorpions
  4 necrophages
  5 killer bees (D:7)
  4 howler monkeys
  2 orc priests
  Crazy Yiuf (D:3)
  2 hounds
  Jessica (D:2)
  An orc wizard (D:7)
  3 gnolls (D:6)
  12 adders
  4 worms (D:2)
  3 dart slugs
  14 orcs
  7 ball pythons
  5 bats
  9 endoplasms
  2 giant cockroaches
  11 goblins
  5 hobgoblins
  7 jackals
  7 kobolds
  3 quokkas
  3 frilled lizards
  16 rats
146 creatures vanquished.

Vanquished Creatures (others)
  2 plants (D:5)
2 creatures vanquished.

Grand Total: 148 creatures vanquished

Notes
Turn   | Place    | Note
-------+----------+-------------------------------------------
     0 | D:1      | EarthwalkerPL the Minotaur Fighter began the quest for the
                  | Orb.
     0 | D:1      | Reached XP level 1. HP: 19/19 MP: 0/0
   198 | D:1      | Reached XP level 2. HP: 27/27 MP: 1/1
   330 | D:1      | Reached skill level 4 in Armour
   701 | D:2      | Reached XP level 3. HP: 33/33 MP: 2/2
   712 | D:2      | Identified the +3 leather armour of Inference {rF+ Stlth+}
  1107 | D:2      | Reached XP level 4. HP: 41/41 MP: 3/3
  1163 | D:2      | Noticed Jessica
  1165 | D:2      | Killed Jessica
  1712 | D:3      | Found a transporter.
  1712 | D:3      | Noticed jaiteiro's ghost (amateur SpAM)
  1792 | D:3      | Reached XP level 5. HP: 47/47 MP: 4/4
  1793 | D:3      | You are sucked into a shaft and drop 1 floor!
  1804 | D:4      | Reached skill level 5 in Armour
  1904 | D:4      | Noticed an ogre
  1926 | D:4      | Reached skill level 5 in Fighting
  2002 | D:4      | Reached XP level 6. HP: 45/56 MP: 5/5
  2141 | D:4      | Found Qog Coa's Antique Armour Shop.
  2255 | D:4      | Identified the +1 robe "Tucveh" {Rampage Int+3}
  2339 | D:4      | Reached skill level 5 in Axes
  2357 | D:3      | Reached skill level 6 in Armour
  2363 | D:3      | Found a transporter.
  2406 | D:3      | Found a glowing silver altar of Zin.
  2812 | D:3      | Found a runed translucent door.
  2813 | D:3      | Noticed Crazy Yiuf
  2921 | D:3      | Killed Crazy Yiuf
  2922 | D:3      | Reached XP level 7. HP: 62/62 MP: 6/6
  3191 | D:5      | Entered Level 5 of the Dungeon
  3198 | D:5      | Reached skill level 5 in Shields
  3564 | D:5      | Found a snail-covered altar of Cheibriados.
  3752 | D:5      | Found a glowing golden altar of the Shining One.
  3754 | D:5      | Found a shimmering altar of Xom.
  3754 | D:5      | Found a blossoming altar of Fedhas.
  3754 | D:5      | Found a burning altar of Makhleb.
  3760 | D:5      | Found a hazy altar of Hepliaklqana.
  3760 | D:5      | Found a hide-covered altar of Uskayaw.
  3835 | D:5      | Found a shimmering blue altar of Sif Muna.
  4362 | D:6      | Reached skill level 7 in Armour
  4362 | D:6      | Reached XP level 8. HP: 67/71 MP: 7/7
  4599 | D:6      | Found a staircase to the Ecumenical Temple.
  4606 | Temple   | Entered the Ecumenical Temple
  4937 | D:7      | Noticed Joseph
  4955 | D:7      | Killed Joseph
  4956 | D:7      | Reached skill level 8 in Armour
  5619 | D:7      | Reached XP level 9. HP: 59/82 MP: 8/8
  5830 | D:7      | Found a runed translucent door.
  5830 | D:7      | Noticed Oxelix's ghost (novice MiBe)
  6603 | D:7      | Found an iron altar of Okawaru.
  6609 | D:7      | Reached skill level 9 in Armour
  6623 | D:7      | Became a worshipper of Warmaster Okawaru
  6653 | D:8      | Found a runed translucent gate.
  6674 | D:8      | Found a runed translucent gate.
  6674 | D:8      | Found a runed translucent gate.
  6674 | D:8      | Found a viscous altar of Jiyva.
  6674 | D:8      | Noticed MacCMillion's ghost (novice OpTm)
  6699 | D:8      | Killed from afar by an acid dragon

Illustrated notes

Levels and vault maps discovered:
D:1:      dpeg_arrival_snail, layout_rooms, nrook_campfire
D:2:      layout_loops_corners, minmay_rat_gold_closets, uniq_jessica
D:3:      minmay_wonky_spiral, layout_basic,
          mainiacjoe_overflow_small_starburst, gammafunk_ghost_arena,
          uniq_crazy_yiuf_cottage
D:4:      layout_loops_ring, serial_shops, nicolae_shop_hallway_plus,
          minmay_liquid_box
D:5:      layout_rooms, mainiacjoe_overflow_catwalk,
          nicolae_sif_muna_little_library, minmay_overflow_temple_hex,
          guppyfry_early_lair_pool
D:6:      layout_cave_pods, minmay_temple_entry_proselytizer
D:7:      layout_cave_pods, mainiacjoe_overflow_cross_hatched,
          gammafunk_ghost_grave, minmay_misc_feat_diagonals, uniq_joseph
D:8:      nzn_winding_woodlands_small
          [nzn_winding_woodlands_5x15_river_crossing,
          nzn_winding_woodlands_center_lodge,
          nzn_winding_woodlands_5x15_pathside_ponds], layout_basic,
          kennysheep_ying_yang, gammafunk_ghost_ooze, minivault_25,
          minivault_24, uniq_erica
Temple:   nicolae_temple_bog_church

Skill      XL: |  1  2  3  4  5  6  7  8  9 |
---------------+----------------------------+-----
Armour         | 4 5 6 7 8 9 |  9.0
Fighting       | 4 5 6 8 |  8.8
Axes           | 3 4 5 6 7 8 |  8.5
Shields        | 4 5 6 |  6.9

Action                   |  1- 3 |  4- 6 |  7- 9 || total
-------------------------+-------+-------+-------++-------
Melee: War axe           |    59 |    97 |   181 ||   337
       Headbutt          |    11 |    11 |    27 ||    49
  Use: Potion            |       |       |     1 ||     1
 Stab: Sleeping          |     8 |    11 |     2 ||    21
Armor: Scale mail        |    19 |       |       ||    19
       Leather armour    |     2 |    37 |     6 ||    45
       Plate armour      |       |       |   122 ||   122
Dodge: Dodged            |    31 |    44 |    62 ||   137
Block: Buckler           |    17 |    12 |    46 ||    75
